 Dungeon Crawl Stone Soup version 0.31.0-11-ge490571c62 (webtiles) character file.

Game seed: 6049987448013230471

21 qw the Shooter (level 2, -3/16 HPs)
             Began as a Deep Elf Hunter on Feb 3, 2024.
             Slain by Terence
             ... wielding a +0 hand axe
              (6 damage)
             ... on level 2 of the Dungeon.
             The game lasted 00:00:13 (800 turns).

qw the Shooter (Deep Elf Hunter)                     Turns: 800, Time: 00:00:14

Health: -3/16      AC:  3    Str:  8    XL:     2   Next: 65%
Magic:  4/4        EV: 12    Int: 13    God:
Gold:   61         SH:  0    Dex: 18    Spells: 1/1 levels left

rFire   . . .        a - +1 shortbow
rCold   . . .        (shield currently unavailable)
rNeg    . . .        c - +0 leather armour
rPois   .            (no helmet)
rElec   .            (no cloak)
rCorr   .            (no gloves)
SInv    .            (no boots)
Will    .....        (no amulet)
Stlth   ++           (no ring)
HPRegen 0.22/turn    (no ring)
MPRegen 0.09/turn

%: no passive effects
@: no status effects
A: no striking features
a: no special abilities


You were on level 2 of the Dungeon.
You visited 1 branch of the dungeon, and saw 2 of its levels.

You collected 61 gold pieces.


   Skills:
 - Level 1.5 Fighting
 + Level 6.4 Ranged Weapons
 - Level 2.4 Dodging
 - Level 1.2 Stealth


You had one spell level left.
You didn't know any spells.
Your spell library was empty.

Inventory:

Hand Weapons
 a - a +1 shortbow (weapon)
Armour
 c - a +0 leather armour (worn)
Scrolls
 e - a scroll of enchant armour
Potions
 b - 2 potions of berserk rage {unknown}
 d - a potion of curing {unknown}
 j - a potion of heal wounds {unknown}
 k - a potion of magic {unknown}

Dungeon Overview and Level Annotations

Branches:
Dungeon (2/15)

Altars:

Shops:
D:1 (

Annotations:
D:2 Terence


Message History

Terence shouts!
Terence is moderately wounded.
You shoot an arrow.
The arrow hits Terence but does no damage.
Terence is moderately wounded.
An endoplasm comes into view.
You shoot an arrow. The endoplasm quivers.
The arrow hits Terence but does no damage.
Terence is moderately wounded.
You shoot an arrow. The arrow completely misses Terence.
Terence says, "Rest in peace."
You shoot an arrow.
The arrow hits Terence but does no damage.
Terence is moderately wounded.
Terence hits you with a +0 hand axe!
A dart slug comes into view.
Terence hits you with a +0 hand axe.
You shoot an arrow. The arrow completely misses Terence.
The arrow hits the endoplasm.
The endoplasm is heavily wounded.
Terence hits you with a +0 hand axe.
You shoot an arrow. The arrow barely misses Terence.
The arrow hits the endoplasm.
You kill the endoplasm!
Terence closely misses you.
You shoot an arrow.
The arrow hits Terence but does no damage.
Terence is moderately wounded.
Terence hits you with a +0 hand axe.
You shoot an arrow. The arrow barely misses Terence.
Terence closely misses you.
You shoot an arrow.
The arrow hits Terence but does no damage.
Terence is moderately wounded.
Terence hits you but does no damage.
You shoot an arrow. The arrow closely misses Terence.
Terence closely misses you. Terence hits you with a +0 hand axe.
You die...
Terence says, "That felt goooood."

.#######.##..###.# #.#
.#######.##..# #.# #.#
.........##..###.###.#
...%...............>.#
..................#.##
#.#.#.##..#.####..#.#
#.#.#.##..#.# #..#.#
#.#.......# # #..#.#
....#.#...# #@.#.#
.................@#+#
#...##. #..#####.w..
#...... +........
#........ .........
.........


You could see Terence and a dart slug.

Vanquished Creatures
  An endoplasm (D:2)
  A giant cockroach (D:1)
  2 hobgoblins
  5 kobolds (D:1)
  2 ball pythons
  5 bats
  A frilled lizard (D:1)
  3 rats (D:1)
20 creatures vanquished.

Notes
Turn   | Place    | Note
-------+----------+-------------------------------------------
     0 | D:1      | qw the Deep Elf Hunter began the quest for the Orb.
     0 | D:1      | Reached XP level 1. HP: 12/12 MP: 3/3
     0 | D:1      | 0 ||| qw: Version: 0.3-a-155-g5e7d8dd
     0 | D:1      | 0 ||| qw: Game counter: 3121
     0 | D:1      | 0 ||| qw: Melee chars always use a shield: true
     0 | D:1      | 0 ||| qw: God list: Okawaru
     0 | D:1      | 0 ||| qw: Allow faded altars: false
     0 | D:1      | 0 ||| qw: Do Orc after clearing Dungeon:15 true
     0 | D:1      | 0 ||| qw: Do second Lair branch before Depths: true
     0 | D:1      | 0 ||| qw: Lair rune preference: random
     0 | D:1      | 0 ||| qw: Goals: Normal
     0 | D:1      | 0 ||| PLANNING D:1-11
     2 | D:1      | Noticed a demonspawn
     2 | D:1      | Noticed an elf
     4 | D:1      | Noticed a barachi
     4 | D:1      | Noticed a ghoul
     6 | D:1      | Noticed a human
     6 | D:1      | Noticed a minotaur
     8 | D:1      | Noticed a tengu
     8 | D:1      | Noticed a felid
    10 | D:1      | Noticed an armataur
    10 | D:1      | Noticed a demigod
    12 | D:1      | Noticed a draconian
    12 | D:1      | Noticed a gargoyle
    16 | D:1      | Noticed a naga
    18 | D:1      | Noticed a vampire
    18 | D:1      | Noticed a vine stalker
    20 | D:1      | Noticed an oni
    20 | D:1      | Noticed a troll
    23 | D:1      | Noticed a djinni
    23 | D:1      | Noticed a merfolk
    25 | D:1      | Noticed an octopode
    25 | D:1      | Noticed a spriggan
    28 | D:1      | Noticed a formicid
   125 | D:1      | Found Moret's Weapon Shoppe.
   133 | D:1      | 133 ||| SHOPLISTING +0 orcbow of draining (107 gold, have
                  | 15).
   297 | D:1      | Reached XP level 2. HP: 16/16 MP: 4/4
   325 | D:1      | Reached skill level 6 in Ranged Weapons
   625 | D:1      | 625 ||| READING 2 scrolls labelled FUIGYV XIL.
   625 | D:1      | 625 ||| ENCHANTING +0 shortbow.
   626 | D:1      | 626 ||| READING scroll labelled VYUDYA LI OKO.
   626 | D:1      | 626 ||| ENCHANTING +0 shortbow.
   627 | D:1      | 627 ||| READING scroll labelled ORAAKHIOWK.
   628 | D:1      | 628 ||| READING scroll labelled ESCHIRHUXIPS.
   629 | D:1      | 629 ||| READING scroll labelled GAINTE MOLIDI.
   629 | D:1      | 629 ||| IDENTIFYING bubbling brown potion
   630 | D:1      | 630 ||| DROPPING scroll of butterflies.
   631 | D:1      | 631 ||| DROPPING potion of ambrosia.
   633 | D:1      | 633 ||| Stepping ~*~*~tactically~*~*~ (cloud).
   640 | D:1      | HP: 4/16 [poisoned by you (poison gas)]
   788 | D:2      | Noticed Terence
   795 | D:2      | HP: 3/16 [Terence/+0 hand axe (5)]
   800 | D:2      | Slain by Terence

Levels and vault maps discovered:
D:1:      kb_arrival_jail, layout_loops_ring, serial_shops, shop
D:2:      layout_basic, nicolae_ecumenical_lake_church, uniq_terence

Skill      XL: |  1  2 |
---------------+-------+-----
Ranged Weapons | 6 |  6.4
Fighting       | |  1.5
Dodging        | |  2.4
Stealth        | |  1.2

Action                     || total
---------------------------++-------
   Fire: Shortbow          ||    51
    Use: Scroll            ||     5
 Armour: Leather armour    ||    14
  Dodge: Dodged            ||    16

Table legend:
 A = Non-vault XP
 B = Vault XP
 C = Vault XP percentage of total XP
 D = Non-vault monster count
 E = Vault monster count
 F = Vault count percentage of total count
                 A         B        C        D         E       F
            +---------+---------+-------+---------+---------+-------
      Total |      31 |       0 |   0.0 |      20 |       0 |   0.0
            +---------+---------+-------+---------+---------+-------
        D:1 |      21 |       0 |   0.0 |      15 |       0 |   0.0
        D:2 |      10 |       0 |   0.0 |       5 |       0 |   0.0
            +---------+---------+-------+---------+---------+-------
